[Event "Kragero Resort Chess A 2019"]
[Site "Kragero"]
[Date "2019.02.24"]
[Round "8.31"]
[White "Jonsson, Gauti Pall"]
[Black "Valvag, Torbjorn"]
[Result "1-0"]
[ECO "B23"]
[WhiteElo "2070"]
[BlackElo "1698"]
[Annotator "NA RC"]
[PlyCount "59"]
[EventDate "2019.02.20"]
[EventType "swiss"]
[EventCountry "NOR"]
[SourceTitle "playchess.com"]
[Source "ChessBase"]
[SourceQuality "1"]
[TimeControl "5400+30"]

1. e4 c5 2. Nc3 Nc6 3. Bb5 g6 4. Bxc6 dxc6 5. f4 Bg7 6. Nf3 {[%emt 0:00:23] B23: Closed Sicilian: Lines without g3} Nf6 7. O-O (7. d3 c4 8. d4 b5 9. a3 O-O 10. O-O Qb6 11. h3 Nd7 12. Be3 Bb7 13. Qe1 {1-0 (36) Mons,L (2554)-Michalik,P (2564) Austria 2019}) 7... b6 8. d3 O-O 9. Qe1 Nd7 10. Qg3 Qc7 11. Qh4 Re8 $146 ({Predecessor:} 11... f6 12. Be3 e5 13. Rf2 exf4 14. Bxf4 Ne5 15. Raf1 Nxf3+ 16. Rxf3 {½-½ (59) Ibarra Chami,L (2369)-Ordunez Echarte,D (2224) Havana 2008}) 12. f5 ({But not} 12. Ng5 $6 h6 $11) 12... Nf8 13. Bh6 f6 14. Bxg7 Kxg7 15. Ne2 gxf5 16. Qh5 fxe4 17. Ng5 $2 ({Inferior is} 17. dxe4 Ng6 $15) (17. Qxe8 $16 exf3 18. Rxf3) 17... Rd8 $1 18. Qf7+ Kh8 19. Rxf6 ({Only move:} 19. Nxe4 $15 Be6 20. Qh5) 19... Qe5 20. Nxh7 exf6 21. Nxf8 Bf5 22. Qh5+ Kg7 23. Rf1 $17 (23. Ng3 $11 {keeps the balance.} Bc8 24. Qg6+ Kxf8 25. Rf1) 23... Rxf8 24. Rxf5 Qe8 25. Qh4 Rh8 26. Qxf6+ Kh7 27. Qh4+ Kg7 28. Qg4+ Kh6 29. Rf6+ Kh7 30. Qf5+ 1-0

[Event "Kragero Resort Chess A 2019"]
[Site "Kragero"]
[Date "2019.02.24"]
[Round "9.22"]
[White "Aarnes, Eirik"]
[Black "Kizatbay, Abyl"]
[Result "0-1"]
[ECO "B67"]
[WhiteElo "1843"]
[BlackElo "2084"]
[Annotator "NA RC"]
[PlyCount "76"]
[EventDate "2019.02.20"]
[EventType "swiss"]
[EventCountry "NOR"]
[SourceTitle "playchess.com"]
[Source "ChessBase"]
[SourceQuality "1"]
[TimeControl "5400+30"]

1. e4 c5 2. Nf3 Nc6 3. d4 cxd4 4. Nxd4 Nf6 5. Nc3 d6 6. Bg5 e6 7. Qd2 a6 8. O-O-O Bd7 9. f4 b5 10. e5 dxe5 11. Nxc6 Bxc6 12. Qxd8+ Rxd8 13. Rxd8+ Kxd8 14. fxe5 h6 15. Bxf6+ gxf6 16. exf6 Bd6 17. Bd3 Bxg2 18. Rg1 Bc6 19. h4 Bf4+ 20. Kb1 Be5 21. Be4 Bd7 22. Bb7 Kc7 23. Rd1 Rb8 24. Be4 Bxf6 25. Rf1 Bxc3 26. bxc3 f5 27. Bd3 Rg8 28. c4 Rg4 29. cxb5 axb5 30. h5 Rh4 31. Be2 Rh2 32. Re1 e5 33. Kb2 Kb6 34. Bd1 e4 35. Kc3 Kc5 36. Rf1 b4+ 37. Kb2 e3 38. Bf3 Rf2 0-1

[Event "Kragero Resort Chess A 2019"]
[Site "Kragero"]
[Date "2019.02.24"]
[Round "9.27"]
[White "Birkisson, Bjorn Holm"]
[Black "Skaslien, Ingrid"]
[Result "1-0"]
[ECO "A47"]
[WhiteElo "2078"]
[BlackElo "1828"]
[Annotator "NA RC"]
[PlyCount "67"]
[EventDate "2019.02.20"]
[EventType "swiss"]
[EventCountry "NOR"]
[SourceTitle "playchess.com"]
[Source "ChessBase"]
[SourceQuality "1"]
[TimeControl "5400+30"]

1. d4 Nf6 2. Bf4 e6 3. e3 b6 4. Nf3 Bb7 5. Nbd2 Be7 6. Bd3 O-O 7. h3 c5 8. c3 d6 9. O-O Nbd7 10. e4 cxd4 11. cxd4 d5 12. e5 Ne4 13. Qb1 f5 14. exf6 Ndxf6 15. Be5 Bd6 16. Re1 Bxe5 17. dxe5 Nh5 18. Nxe4 dxe4 19. Bxe4 Bxe4 20. Qxe4 Nf4 21. Kh2 Qe8 22. g3 Ng6 23. Re2 Rd8 24. Rc1 Rd5 25. Rc7 a6 26. Qg4 Rf7 27. Rxf7 Qxf7 28. Ng5 Qe8 29. Nxe6 Qf7 30. Ng5 Qe7 31. Qc4 Qd8 32. Rd2 Ne7 33. Rxd5 Qxd5 34. Qxd5+ 1-0

[Event "Kragero Resort Chess A 2019"]
[Site "Kragero"]
[Date "2019.02.24"]
[Round "9.28"]
[White "Harstad, Christian"]
[Black "Jonsson, Gauti Pall"]
[Result "0-1"]
[ECO "A85"]
[WhiteElo "1948"]
[BlackElo "2070"]
[Annotator "NA RC"]
[PlyCount "104"]
[EventDate "2019.02.20"]
[EventType "swiss"]
[EventCountry "NOR"]
[SourceTitle "playchess.com"]
[Source "ChessBase"]
[SourceQuality "1"]
[TimeControl "5400+30"]

1. d4 e6 2. c4 f5 3. Nc3 Nf6 4. e3 Bb4 5. Bd3 b6 6. Nf3 Bb7 7. Qc2 O-O 8. a3 Bxc3+ 9. bxc3 Nc6 10. Rb1 Na5 11. c5 Qe8 12. O-O Qg6 13. Ne1 d6 14. c4 dxc5 15. Bd2 Nc6 16. Bc3 cxd4 17. exd4 Ne7 18. f3 Rad8 19. Qe2 Nh5 20. Qe3 Kh8 21. d5 Rfe8 22. dxe6 Rd6 23. c5 Rxe6 24. Qc1 Nd5 25. Bd2 Ne3 26. Bxe3 Rxe3 27. cxb6 cxb6 28. Bb5 R8e7 29. Nc2 R3e5 30. Nd4 h6 31. Qd2 Qd6 32. Qb4 Qg6 33. Rfe1 Nf4 34. g3 Rxe1+ 35. Rxe1 Rxe1+ 36. Qxe1 Qd6 37. Qe8+ Kh7 38. Qe3 Ng6 39. Bd3 Qxa3 40. Nxf5 Ba6 41. Bxa6 Qxa6 42. h4 Qa1+ 43. Kh2 Qb2+ 44. Kh3 Qb1 45. Nd4 h5 46. Kg2 Qa2+ 47. Kh3 Qd5 48. g4 hxg4+ 49. Kxg4 Ne5+ 50. Kg3 Nc6 51. Nxc6 Qxc6 52. Qd3+ Qg6+ 0-1

[Event "Kragero Resort Chess A 2019"]
[Site "Kragero"]
[Date "2019.02.24"]
[Round "9.30"]
[White "Saltvedt, Martin"]
[Black "Shehzad, Shazil"]
[Result "1/2-1/2"]
[ECO "D94"]
[WhiteElo "2095"]
[BlackElo "1959"]
[Annotator "NA RC"]
[PlyCount "34"]
[EventDate "2019.02.20"]
[EventType "swiss"]
[EventCountry "NOR"]
[SourceTitle "playchess.com"]
[Source "ChessBase"]
[SourceQuality "1"]
[TimeControl "5400+30"]

1. d4 Nf6 2. Nf3 c5 3. e3 g6 4. c4 cxd4 5. exd4 d5 6. Nc3 Bg7 7. cxd5 Nxd5 8. Bc4 Nxc3 9. bxc3 O-O 10. O-O Qc7 11. Qb3 e6 12. Ba3 Re8 13. Rfe1 Nc6 14. Bf1 Bd7 15. Rad1 Rac8 16. Qc2 Na5 17. Ne5 Nc6 1/2-1/2

[Event "Kragero Resort Chess A 2019"]
[Site "Kragero"]
[Date "2019.02.24"]
[Round "9.31"]
[White "Nilsen, Jarle"]
[Black "Unneland, Mathias"]
[Result "1-0"]
[ECO "A48"]
[WhiteElo "1845"]
[BlackElo "1890"]
[Annotator "NA RC"]
[PlyCount "51"]
[EventDate "2019.02.20"]
[EventType "swiss"]
[EventCountry "NOR"]
[SourceTitle "playchess.com"]
[Source "ChessBase"]
[SourceQuality "1"]
[TimeControl "5400+30"]

1. d4 Nf6 2. c4 g6 3. Nc3 Bg7 4. Nf3 O-O 5. Bf4 d6 6. h3 c6 7. e3 Nbd7 8. Be2 Qe8 9. O-O e5 10. Bh2 Qe7 11. Re1 Ne8 12. Rc1 f5 13. b4 a5 14. b5 Nc7 15. bxc6 bxc6 16. Na4 Na6 17. c5 dxc5 18. d5 Rd8 19. dxc6 Ndb8 20. Qb3+ Be6 21. Bc4 Bxc4 22. Qxc4+ Kh8 23. Nxc5 Nb4 24. Ne6 N8xc6 25. Nxd8 Rxd8 26. a3 1-0